 Dungeon Crawl Stone Soup version 0.28-a0-1560-g060a6a1bfc (webtiles) character file.

Game seed: 3609453897616457140

65 BritishOli the Ducker (level 3, -7/28 HPs)
             Began as a Demonspawn Gladiator on Jan 19, 2022.
             Blown up by Ijyb (9 damage)
             ... with a mindburst bolt
             ... on level 3 of the Dungeon.
             The game lasted 00:03:01 (1985 turns).

BritishOli the Ducker (Demonspawn Gladiator)        Turns: 1985, Time: 00:03:02

Health: -7/28      AC:  6    Str: 16    XL:     3   Next: 94%
Magic:  3/3        EV: 12    Int:  9    God:
Gold:   33         SH:  0    Dex: 14    Spells: 2/2 levels left

rFire   . . .      SeeInvis .   a - +0 war axe
rCold   . . .      Faith    .   (no shield)
rNeg    . . .      Spirit   .   b - +0 leather armour
rPois   .          Reflect  .   c - +0 helmet
rElec   .          Harm     .   (no cloak)
rCorr   .          Rampage  .   h - +0 pair of gloves
Will    .....                   (no boots)
Stlth   +.........              (no amulet)
HPRegen 0.09/turn               (no ring)
MPRegen 0.08/turn               (no ring)

@: no status effects
A: sharp scales 1
a: no special abilities


You were on level 3 of the Dungeon.
You visited 1 branch of the dungeon, and saw 3 of its levels.

You collected 33 gold pieces.

Inventory:

Hand Weapons
 a - a +0 war axe (weapon)
 n - a +0 scimitar
Missiles
 d - 4 throwing nets (quivered)
 g - 6 boomerangs
Armour
 b - a +0 leather armour (worn)
 c - a +0 helmet (worn)
 h - a +0 pair of gloves (worn)
Jewellery
 m - a ring of poison resistance
Scrolls
 e - a scroll of identify {unknown}
 i - a scroll of magic mapping {unknown}
 k - a scroll of enchant armour {unknown}
 q - a scroll of torment {unknown}
Potions
 f - 2 potions of curing {unknown}
 j - a potion of heal wounds {unknown}
 l - a potion of berserk rage {unknown}
 o - a potion of attraction {unknown}
 p - 2 potions of mutation {unknown}


   Skills:
 + Level 2.8 Fighting
 - Level 3.0 Axes
 + Level 2.5 Throwing
 + Level 3.2 Dodging


You had 2 spell levels left.
You didn't know any spells.
Your spell library contained the following spells:

 Spells                   Type           Power      Damage    Failure   Level
 Confusing Touch          Hex            0%         N/A       83%         3
 Yara's Violent Unravell  Hex/Tmut       0%         3d3       100%        5
 Enfeeble                 Hex            0%         N/A       100%        7


Dungeon Overview and Level Annotations

Branches:
Dungeon (3/15)

Altars:
Gozag

Shops:
D:1 (

Annotations:
D:3 Ijyb


Innate Abilities, Weirdness & Mutations

You are partially covered in razor-sharp scales. (AC +1, Slay +1)


Message History

Ijyb is nearby!
You hit Ijyb.
Ijyb is heavily wounded.
Ijyb barely misses you. Ijyb hits you with a +0 club.
Ijyb is nearby!
You closely miss Ijyb.
Ijyb is heavily wounded.
Ijyb hits you but does no damage.
Ijyb is nearby!
Ijyb is nearby!
You hit Ijyb but do no damage.
Ijyb is heavily wounded.
Ijyb hits you with a +0 club.
Ijyb is nearby!
You hit Ijyb.
Ijyb is severely wounded.
Ijyb completely misses you. Ijyb misses you.
You barely miss Ijyb.
Ijyb is severely wounded.
Ijyb zaps a wand.
Your mind is blasted!
You completely miss Ijyb.
Ijyb is severely wounded.
Ijyb hits you but does no damage.
You closely miss Ijyb.
Ijyb is severely wounded.
Ijyb zaps a wand.
Your mind is blasted!
* * * LOW HITPOINT WARNING * * *
Ijyb barely misses you.
You hit Ijyb.
Ijyb is severely wounded.
Ijyb hits you but does no damage.
You closely miss Ijyb.
Ijyb is severely wounded.
Ijyb hits you but does no damage.
You hit Ijyb but do no damage.
Ijyb is severely wounded.
Ijyb hits you with a +0 club.
* * * LOW HITPOINT WARNING * * *
Ijyb zaps a wand.
Your mind is blasted!
You die...

#..+
..........'.#.
##.#
###.###'###...
####.# #.# #.#
#... #....#
#.# #.# #.#.
#....# +.+ ..#
#... #....#
### #..#
###..# #..#
##$#######+#
#..#
#..@g....).
..#
#........##
#........#
..........#
######.###.#
.. .. .## . .#


You could see Ijyb.

Vanquished Creatures
  An adder (D:2)
  A worm (D:2)
  5 endoplasms
  11 hobgoblins
  A jackal (D:1)
  5 kobolds
  2 quokkas (D:1)
  4 ball pythons
  5 bats
  4 frilled lizards
  6 goblins
  3 rats
48 creatures vanquished.

Notes
Turn   | Place    | Note
-------+----------+-------------------------------------------
     0 | D:1      | BritishOli the Demonspawn Gladiator began the quest for the
                  | Orb.
     0 | D:1      | Reached XP level 1. HP: 16/16 MP: 1/1
   200 | D:1      | Found a faded altar of an unknown god.
   436 | D:1      | Gained mutation: You are partially covered in razor-sharp
                  | scales. (AC +1, Slay +1) [demonic ancestry]
   436 | D:1      | Reached XP level 2. HP: 22/22 MP: 2/2
   981 | D:1      | Found Qekk's Weapon Emporium.
  1155 | D:2      | Reached XP level 3. HP: 28/28 MP: 3/3
  1292 | D:2      | Found an opulent altar of Gozag.
  1969 | D:3      | Noticed Ijyb
  1985 | D:3      | Blown up by Ijyb

Illustrated notes

Levels and vault maps discovered:
D:1:      minmay_arrival_semitransparent, layout_basic,
          hellmonk_ecumenical_altar_blasted, serial_shops, shop, nrook_campfire,
          st_stairs_9
D:2:      kennysheep_big_flooded_room, layout_rooms, basic_altar
D:3:      layout_basic, mainiacjoe_overflow_six_doors_small, minmay_door_square,
          uniq_ijyb

Skill      XL: |  1  2 |
---------------+-------+-----
Throwing       | 2 |  2.5
Dodging        | 3 |  3.2
Axes           | 3 |  3.0
Fighting       | |  2.8

Action                   || total
-------------------------++-------
Melee: War axe           ||   120
 Stab: Sleeping          ||     2
Armor: Leather armour    ||    42
Dodge: Dodged            ||    63

Table legend: (Time is in decaauts)
 A = Elapsed time spent in this place.
 B = Non-inter-level travel time spent in this place.
 C = Inter-level travel time spent in this place.
 D = Time resting spent in this place.
 E = Time spent auto-exploring this place.
 F = Levels seen in this place.
 G = Mean time per level.
                   A        B        C        D        E       F      G
               +--------+--------+--------+--------+--------+-----+--------+
         Total |   2027 |   1965 |     62 |      0 |   1636 |   3 |  675.7 |
       Dungeon |   2027 |   1965 |     62 |      0 |   1636 |   3 |  675.7 |
               +--------+--------+--------+--------+--------+-----+--------+

Top non-repeatable levels by time:
     D:1: 1081 daAuts
     D:2: 710 daAuts
     D:3: 236 daAuts
